 Dungeon Crawl Stone Soup version 0.29-a0-341-g24ffce5b50 (webtiles) character file.

Game seed: 12511370736539598636

32 iguanaiguana the Vexing (level 3, -3/20 HPs)
             Began as a Deep Elf Arcane Marksman on Apr 21, 2022.
             Slain by an orc
             ... wielding a +0 war axe
              (6 damage)
             ... on level 3 of the Dungeon.
             The game lasted 00:06:06 (1693 turns).

iguanaiguana the Vexing (Deep Elf Arcane Marksman)  Turns: 1693, Time: 00:06:07

Health: -3/20      AC:  3    Str:  7    XL:     3   Next: 10%
Magic:  6/7        EV: 12    Int: 19    God:
Gold:   98         SH:  0    Dex: 15    Spells: 4/5 levels left

rFire   . . .      SeeInvis .   a - +0 shortbow
rCold   . . .      Faith    .   (shield currently unavailable)
rNeg    . . .      Spirit   .   g - +0 leather armour
rPois   .          Reflect  .   (no helmet)
rElec   .          Harm     .   (no cloak)
rCorr   .          Rampage  .   (no gloves)
Will    .....                   (no boots)
Stlth   +.........              f - amulet of regeneration
HPRegen 0.86/turn               (no ring)
MPRegen 0.10/turn               (no ring)

@: no status effects
A: no striking features
a: no special abilities


You were on level 3 of the Dungeon.
You visited 1 branch of the dungeon, and saw 3 of its levels.

You collected 98 gold pieces.

Inventory:

Hand Weapons
 a - a +0 shortbow (weapon)
Armour
 b - a +0 robe
 g - a +0 leather armour (worn)
Jewellery
 f - an amulet of regeneration (around neck)
Scrolls
 c - a scroll of vulnerability
 d - 4 scrolls of identify {unknown}
 i - a scroll of immolation {unknown}
 k - 3 scrolls of fear {unknown}
 l - a scroll of summoning {unknown}
Potions
 e - a potion of brilliance {unknown}
 h - 2 potions of ambrosia {unknown}
 j - a potion of attraction {unknown}


   Skills:
 - Level 1.0 Fighting
 + Level 3.1 Bows
 - Level 2.4 Dodging
 + Level 1.5 Spellcasting
 * Level 4.7 Hexes
 * Level 1.7 Fire Magic


You had 4 spell levels left.
You knew the following spells:

 Your Spells              Type           Power      Damage    Failure   Level
a - Slow                  Hex            76%        N/A       3%          1

Your spell library contained the following spells:

 Spells                   Type           Power      Damage    Failure   Level
 Inner Flame              Hex/Fire       13%        N/A       22%         3
 Apportation              Tloc           2%         N/A       26%         1
 Portal Projectile        Hex/Tloc       20%        N/A       30%         3
 Cause Fear               Hex            9%         N/A       36%         4
 Alistair's Intoxication  Tmut/Pois      0%         N/A       100%        5


Dungeon Overview and Level Annotations

Branches:
Dungeon (3/15)

Altars:


Message History

You shoot an arrow. The arrow hits the bat.
You kill the bat!
No target in view!
No target in view!
A ball python comes into view.
Found a long sword and a dagger.
You shoot an arrow. The arrow hits the ball python.
You kill the ball python!
No target in view!
No target in view!
No target in view!
An orc comes into view. It is wielding a +0 war axe.
The orc shouts!
You shoot an arrow. The arrow barely misses the orc.
You shoot an arrow. The arrow barely misses the orc.
You shoot an arrow. The arrow closely misses the orc.
You shoot an arrow.
The arrow hits the orc but does no damage.
The orc hits you with a +0 war axe.
You shoot an arrow. The arrow hits the orc.
The orc is heavily wounded.
The orc misses you.
You shoot an arrow. The arrow closely misses the orc.
The orc hits you with a +0 war axe.
You shoot an arrow. The arrow hits the orc.
The orc is severely wounded.
The orc hits you with a +0 war axe!
Ouch! That really hurt!
* * * LOW HITPOINT WARNING * * *
The orc hits you with a +0 war axe!
* * * LOW HITPOINT WARNING * * *
You are too injured to fight recklessly!
You are too injured to fight recklessly!
Casting: Slow (safe; 3% risk of failure)
Confirm with . or Enter, or press ? or * to list all spells.
Aiming: Slow (safe; 3% risk of failure)
Press: ? - help, Shift-Dir - straight line, f/p - orc
Aim: an orc, wielding a +0 war axe and wearing a +0 ring mail (severely wounded, chance to affect: 75%)
The orc seems to slow down.
The orc hits you with a +0 war axe.
You die...

..####..####.# ##
.........<†..#..
........####.#.#
.######.####.#.#
).........)....#
#######.####.#.##
#.......#.####.
#####...o......
#..@##### ###.#
#.# #.# #.. ###


You could see an orc (slow).

Vanquished Creatures
  2 dart slugs
  4 ball pythons
  2 endoplasms (D:2)
  A giant cockroach (D:2)
  A goblin (D:1)
  2 hobgoblins
  2 quokkas
  5 bats
  2 frilled lizards
  3 kobolds
  2 rats (D:2)
26 creatures vanquished.

Vanquished Creatures (others)
  2 plants (D:1)
2 creatures vanquished.

Grand Total: 28 creatures vanquished

Notes
Turn   | Place    | Note
-------+----------+-------------------------------------------
     0 | D:1      | iguanaiguana the Deep Elf Arcane Marksman began the quest
                  | for the Orb.
     0 | D:1      | Reached XP level 1. HP: 11/11 MP: 5/5
   340 | D:1      | Found a faded altar of an unknown god.
   628 | D:1      | Reached skill level 1 in Fighting
   628 | D:1      | Reached XP level 2. HP: 16/16 MP: 6/6
   842 | D:2      | Reached skill level 1 in Fire Magic
  1344 | D:2      | Reached XP level 3. HP: 20/20 MP: 7/7
  1693 | D:3      | Slain by an orc

Illustrated notes

Levels and vault maps discovered:
D:1:      dpeg_chamrin_arrival_tetris, layout_loops_ring,
          nicolae_ecumenical_lake_church, st_stairs_14, minmay_crystal_water,
          chequers_big_river, minmay_strange_pillars, chequers_avenue
D:2:      layout_loops_corners, serial_glass, glass_columns_c, glass_columns_b,
          hangedman_decor_push
D:3:      layout_loops_ring, cheibriados_altar_1,
          nemelex_xobeh_ov_fountains_minmay, glass_columns_c

Skill      XL: |  1  2 |
---------------+-------+-----
Fighting       | 1 |  1.0
Fire Magic     | 1 |  1.7
Bows           | 3 |  3.1
Dodging        | |  2.4
Spellcasting   | |  1.5
Hexes          | |  4.7

Action                   || total
-------------------------++-------
 Fire: Shortbow          ||    97
 Cast: Slow              ||    29
Armor: Leather armour    ||     3
Dodge: Dodged            ||    22

Table legend: (Time is in decaauts)
 A = Elapsed time spent in this place.
 B = Non-inter-level travel time spent in this place.
 C = Inter-level travel time spent in this place.
 D = Time resting spent in this place.
 E = Time spent auto-exploring this place.
 F = Levels seen in this place.
 G = Mean time per level.
                   A        B        C        D        E       F      G
               +--------+--------+--------+--------+--------+-----+--------+
         Total |   1737 |   1692 |     45 |     99 |   1215 |   3 |  579.0 |
       Dungeon |   1737 |   1692 |     45 |     99 |   1215 |   3 |  579.0 |
               +--------+--------+--------+--------+--------+-----+--------+

Top non-repeatable levels by time:
     D:2: 978 daAuts
     D:1: 728 daAuts
     D:3: 30 daAuts
